 Dungeon Crawl Stone Soup version 0.31-a0-851-g7ff8af7976 (webtiles) character file.

Game seed: 12180496955357627832

14 Kurtz the Sneak (level 2, 0/28 HPs)
             Began as a Naga Delver on Oct 7, 2023.
             Slain by an adder (3 damage)
             ... on level 3 of the Dungeon.
             The game lasted 00:01:36 (389 turns).

Kurtz the Sneak (Naga Delver)                        Turns: 389, Time: 00:01:37

Health: 0/28       AC:  2    Str: 14    XL:     2   Next: 41%
Magic:  2/2        EV: 14    Int: 10    God:
Gold:   17         SH:  0    Dex: 12    Spells: 1/1 levels left

rFire   . . .        a - +0 hand axe
rCold   . . .        l - orb {*Rage}
rNeg    . . .        b - +0 leather armour
rPois   +            (no helmet)
rElec   .            (no cloak)
rCorr   .            (no gloves)
SInv    +            (no barding)
Will    .....        (no amulet)
Stlth   +++          h - +5 ring of evasion
HPRegen 0.24/turn    (no ring)
MPRegen 0.08/turn

%: random rage (20%)
@: very slow
A: AC +0, large, see invisible, deformed body, poison resistance, slowness 2,
spit poison 1, naga tail 1
a: Spit Poison


You were on level 3 of the Dungeon.
You visited 1 branch of the dungeon, and saw 3 of its levels.

You collected 17 gold pieces.

Inventory:

Hand Weapons
 a - a +0 hand axe (weapon)
Armour
 b - a +0 leather armour (worn)
 l - an orb of wrath (worn)
Jewellery
 h - a +5 ring of evasion (left hand)
Wands
 g - a wand of digging (3)
 k - a wand of paralysis (4)
Scrolls
 c - a scroll of fog
 d - a scroll of revelation
 e - a scroll of fear
Potions
 f - a potion of haste
 i - a potion of cancellation {unknown}
 j - a potion of attraction {unknown}


   Skills:
 - Level 3.0 Fighting
 * Level 3.0 Axes
 - Level 1.5 Dodging
 - Level 7.2 Stealth


You had one spell level left.
You didn't know any spells.
Your spell library was empty.

Dungeon Overview and Level Annotations

Branches:
Dungeon (5/15)
 Temple: D:4-7

Altars:

Shops:
D:3 [

Annotations:
D:5 1 runed translucent door, Crazy Yiuf


Innate Abilities, Weirdness & Mutations

Your serpentine skin is tough. (AC +0)
You have supernaturally acute eyesight. (SInv)
Armour fits poorly on your strangely shaped body.
Your system is resistant to poisons. (rPois)
You cover ground very slowly.
You can spit poison.
You have a snake-like lower body.


Message History

You closely miss the kobold. You hit the adder. You barely miss the endoplasm.
You hit the ball python but do no damage.
The ball python bites you but does no damage.
The adder bites you.
The kobold hits you with a +0 short sword.
The endoplasm freezes you.
You are frozen.
The ball python barely misses you. The adder barely misses you.
You closely miss the kobold. You barely miss the adder.
You hit the endoplasm but do no damage. You closely miss the ball python.
The kobold barely misses you. The endoplasm freezes you.
You are frozen.
The ball python completely misses you. The adder bites you.
The endoplasm hits you but does no damage.
The kobold closely misses you.
You hit the kobold.
You kill the kobold!
You barely miss the adder. You hit the endoplasm.
You barely miss the ball python. The adder bites you.
The ball python closely misses you. The adder closely misses you.
The endoplasm completely misses you. The ball python closely misses you.
Your Axes skill increases to level 3!
You hit the adder but do no damage.
The adder is heavily wounded.
You hit the endoplasm but do no damage. You hit the ball python.
You kill the ball python!
You hit the rat. The adder bites you. The rat bites you.
* * * LOW HITPOINT WARNING * * *
The endoplasm freezes you.
You are frozen.
* * * LOW HITPOINT WARNING * * *
Unknown command.
You hit the adder.
The adder is severely wounded.
You hit the endoplasm but do no damage. You closely miss the rat.
The adder bites you.
* * * LOW HITPOINT WARNING * * *
The rat bites you.
* * * LOW HITPOINT WARNING * * *
The endoplasm closely misses you. The adder bites you.
You die...

#. +..
#.#....########.###+##..
#.#.....................
............# #........(
#...[......###.........
#..........#...........
#..........#...........
#......J...#...........
#.....@............##+#
##+...Sr....######## #
.....###.###..... ##..
.... #..### #.
#...>.#..# # ...........
#.#.....#..##
#.#.....#..#


You could see an adder, an endoplasm and a rat.

Vanquished Creatures
  A dart slug (D:3)
  2 ball pythons (D:3)
  A bat (D:3)
  3 endoplasms (D:3)
  A hobgoblin (D:3)
  A kobold (D:3)
  A goblin (D:3)
10 creatures vanquished.

Notes
Turn   | Place    | Note
-------+----------+-------------------------------------------
     0 | D:5      | Kurtz the Naga Delver began the quest for the Orb.
     0 | D:5      | Reached XP level 1. HP: 21/21 MP: 1/1
     3 | D:5      | Noticed a hound
     5 | D:5      | Noticed an orc wizard
    38 | D:5      | Found a runed translucent door.
    39 | D:5      | Noticed Crazy Yiuf
    72 | D:5      | Noticed a jelly
   187 | D:3      | Reached XP level 2. HP: 24/28 MP: 2/2
   227 | D:3      | Found a faded altar of an unknown god.
   340 | D:3      | Found Pupsolof's Armour Emporium.
   389 | D:3      | Slain by an adder

Illustrated notes

Levels and vault maps discovered:
D:3:      layout_basic, serial_shops, shop, shapermc_ecumenical_altar_acropolis,
          small_statue_intersection, st_stairs_3, reono_crystal_passage,
          minmay_checkerbox
D:4:      layout_loops_ring, guppyfry_early_orc_mine, uniq_menkaure,
          uniq_eustachio
D:5:      layout_basic, uniq_crazy_yiuf_cottage

Skill      XL: |  1  2 |
---------------+-------+-----
Axes           | 3 |  3.0
Fighting       | |  3.0
Dodging        | |  1.5
Stealth        | |  7.2

Action                     || total
---------------------------++-------
  Melee: Hand axe          ||    28
   Stab: Sleeping          ||     1
 Armour: Leather armour    ||    25
  Dodge: Dodged            ||    37

Table legend: (Time is in decaauts)
 A = Elapsed time spent in this place.
 B = Non-inter-level travel time spent in this place.
 C = Inter-level travel time spent in this place.
 D = Time resting spent in this place.
 E = Time spent auto-exploring this place.
 F = Levels seen in this place.
 G = Mean time per level.
                   A        B        C        D        E       F      G
               +--------+--------+--------+--------+--------+-----+--------+
         Total |    512 |    512 |      0 |     46 |    101 |   3 |  170.7 |
       Dungeon |    512 |    512 |      0 |     46 |    101 |   3 |  170.7 |
               +--------+--------+--------+--------+--------+-----+--------+

Top non-repeatable levels by time:
     D:3: 383 daAuts
     D:5: 106 daAuts
     D:4: 22 daAuts
